Map: Babylon LE

Players

STORM - Winner!

  • Race: Zerg Zerg
  • League: Diamond
  • Spawn Location: 11:00

GaNsIni

  • Race: Terran Terran
  • League: Diamond
  • Spawn Location: 5:00

VOD

Have the link to the VOD?

Description

Time

  • Played on: Jan. 23, 2023, 7:25 p.m.
  • Length: 19:48
Show
View Real Time Build Order
Export as new Build Order

STORM Zerg - Winner!

Build Orders: Hatch First 

Get SALT Encoding   

  12  0:02  Drone  
  13  0:13  Overlord  
  13  0:20  Drone  
  14  0:36  Drone x2  
  14  0:37  Drone  
  17  0:57  Hatchery  
  16  1:01  Drone  
  18  1:04  Drone  
  18  1:15  Extractor  
  17  1:20  Spawning Pool  
  17  1:23  Drone  
  17  1:27  Drone  
  17  1:31  Drone  
  19  1:42  Drone  
  20  1:52  Overlord  
  20  2:11  Queen x2  
  20  2:13  Zergling x4  
  26  2:26  Hatchery  
  26  2:27  Drone  
  26  2:31  Drone  
  26  2:36  Drone x2  
  29  2:41  Drone x2  
  31  2:47  Overlord  
  31  2:56  Queen  
  33  3:00  Metabolic Boost  
  33  3:03  Drone  
  34  3:06  Drone  
  34  3:08  Drone x2  
  37  3:15  Drone  
  39  3:20  Drone  
  39  3:26  Drone  
  40  3:30  Drone  
  41  3:36  Overlord  
  41  3:39  Queen x3  
  47  3:45  Overlord  
  47  3:46  Zergling x2  
  47  3:47  Zergling x2  
  49  3:55  Drone x2  
  51  4:01  Overlord  
  51  4:03  Zergling x4  
  51  4:08  Drone  
  51  4:09  Drone x2  
  56  4:10  Overlord  
  56  4:15  Drone x2  
  58  4:20  Spore Crawler  
  58  4:23  Drone, Spore Crawler  
  57  4:24  Overlord x2  
  57  4:28  Spore Crawler  
  56  4:34  Overlord  
  56  4:41  Drone x5  
  61  4:46  Extractor  
  61  4:47  Extractor  
  59  4:54  Overlord  
  59  4:55  Overlord  
  59  4:56  Drone x4  
  63  5:04  Drone x3  
  63  5:05  Overlord x2, Drone  
  67  5:13  Queen  
  67  5:15  Drone x3  
  67  5:17  Drone x2  
  67  5:21  Lair  
  72  5:23  Drone x2  
  72  5:35  Extractor  
  69  5:48  Zergling x2  
  69  5:49  Zergling x14  
  68  5:57  Drone x4  
  68  6:01  Hatchery  
  71  6:05  Zergling x6  
  71  6:09  Baneling Nest  
  73  6:13  Drone x2  
  73  6:15  Drone  
  76  6:22  Drone  
  76  6:23  Drone  
  78  6:26  Queen x2  
  78  6:28  Drone  
  83  6:33  Extractor, Drone x3  
  83  6:34  Drone x2  
  87  6:42  Zergling x12  
  93  6:48  Drone x2  
  93  6:49  Evolution Chamber  
  93  6:50  Evolution Chamber  
  93  6:55  Spore Crawler  
  91  7:02  Centrifugal Hooks  
  91  7:08  Drone  
  91  7:09  Drone x6  
  91  7:11  Baneling  
  91  7:12  Baneling x8  
  91  7:15  Overlord x3  
  98  7:18  Drone x5  
  98  7:21  Overlord  
  98  7:22  Overseer  
  103  7:23  Pneumatized Carapace  
  103  7:25  Burrow, Zerg Melee Weapons Level 1  
  103  7:26  Zerg Ground Armor Level 1  
  103  7:27  Drone  
  104  7:30  Drone x2  
  104  7:31  Drone  
  104  7:32  Spore Crawler  
  92  7:51  Zergling x12  
  91  7:52  Zergling x10  
  91  7:54  Drone x2  
  103  8:02  Hatchery  
  103  8:04  Zergling x16  
  103  8:05  Zergling x2  
  111  8:16  Zergling x2  
  111  8:17  Zergling x14  
  117  8:21  Baneling x4  
  117  8:22  Baneling x14  
  117  8:26  Extractor, Drone x4, Hatchery  
  111  8:41  Zergling x2  
  111  8:42  Zergling x20  
  113  8:51  Zergling x12  
  113  8:54  Baneling x6  
  118  9:00  Infestation Pit  
  118  9:02  Overlord x2  
  117  9:06  Zergling x6  
  117  9:07  Zergling x4  
  120  9:10  Queen  
  122  9:22  Zergling x8  
  122  9:23  Zergling x4  
  128  9:25  Queen x2  
  128  9:26  Zerg Ground Armor Level 2  
  128  9:27  Zerg Missile Weapons Level 1  
  128  9:29  Hydralisk Den  
  128  9:30  Drone x4  
  135  9:39  Zergling x14  
  135  9:40  Zergling x8  
  145  9:50  Zergling x2  
  145  9:51  Zergling x8  
  147  10:00  Drone x3  
  147  10:01  Drone  
  151  10:09  Muscular Augments  
  151  10:10  Hydralisk x4, Hive  
  151  10:11  Hydralisk x6  
  171  10:17  Baneling x12  
  169  10:37  Overlord x4  
  162  10:54  Drone x2  
  162  10:55  Hatchery  
  161  11:01  Zergling x12  
  161  11:02  Zergling x22  
  177  11:16  Baneling x2  
  177  11:17  Baneling x2  
  177  11:21  Grooved Spines  
  173  11:35  Zergling x2  
  173  11:36  Zergling x36  
  192  11:43  Lurker Den, Zerg Missile Weapons Level 2  
  192  11:44  Adrenal Glands, Zerg Ground Armor Level 3  
  192  11:47  Extractor, Nydus Network, Drone x3  
  192  12:26  Drone x2  
  191  12:34  Baneling  
  191  12:35  Baneling x13  
  191  12:36  Baneling x4  
  172  12:44  Hatchery  
  172  12:49  Zergling x2  
  172  12:50  Zergling x36  
  172  12:51  Zergling x8  
  184  13:06  Zergling x16  
  184  13:09  Baneling x12  
  192  13:14  Hatchery  
  185  13:37  Baneling  
  185  13:38  Baneling x13  
  185  13:40  Baneling x2  
  185  13:54  Zergling x6  
  185  13:55  Zergling x18  
  169  14:09  Zergling x6  
  135  14:21  Baneling  
  135  14:22  Baneling x15  
  135  14:23  Baneling x6  
  135  14:34  Zergling x16  
  143  14:38  Zerg Missile Weapons Level 3  
  143  14:39  Zergling x2  
  143  14:40  Hatchery, Zergling x30  
  143  14:41  Zergling x12  
  143  14:43  Hydralisk x4  
  172  15:00  Hatchery  
  172  15:05  Zergling x10  
  172  15:06  Zergling x12  
  182  15:31  Baneling x11  
  182  15:32  Baneling x7  
  182  15:34  Extractor, Baneling  
  182  15:35  Extractor, Baneling x9  
  129  15:57  Zergling x6  
  129  15:58  Zergling x58  
  129  16:02  Zergling x2  
  129  16:03  Zergling x10  
  165  16:10  Drone  
  165  16:11  Drone  
  167  16:24  Zergling x12  
  167  16:25  Zergling x22  
  184  16:30  Baneling  
  184  16:31  Baneling x8  
  153  16:55  Zergling x10  
  153  16:56  Zergling x42  
  153  16:57  Zergling x16  
  159  17:14  Drone x3  
  162  17:17  Zergling x2  
  162  17:18  Zergling x40  
  162  17:22  Baneling x3  
  183  17:23  Baneling x23  
  183  17:24  Baneling x6  
  183  17:44  Baneling  
  183  17:45  Baneling x3  
  120  18:15  Zergling x2  
  120  18:16  Zergling x44  
  120  18:17  Zergling x6  
  120  18:18  Zergling x54  
  120  18:19  Zergling x6  
  174  18:34  Hydralisk x4  
  174  18:35  Hydralisk x6  
  194  18:48  Baneling  
  194  18:49  Overseer  
  194  18:50  Baneling x29  
  194  18:52  Hatchery  
  193  19:17  Baneling  
  193  19:18  Baneling x19  
Show
View Real Time Build Order
Export as new Build Order

GaNsIni Terran 

Build Orders: Reaper Expand 

Get SALT Encoding   

  12  0:00  SCV  
  13  0:13  SCV  
  14  0:17  Supply Depot  
  14  0:25  SCV  
  15  0:39  SCV  
  15  0:40  Barracks  
  16  0:45  Refinery  
  16  0:51  SCV  
  17  1:03  SCV  
  18  1:15  SCV  
  19  1:27  Orbital Command  
  19  1:28  Reaper  
  20  1:41  Command Center  
  20  1:50  Supply Depot  
  20  1:53  SCV  
  21  2:00  Marine  
  22  2:05  SCV  
  23  2:09  Factory  
  23  2:17  SCV  
  24  2:26  Barracks Reactor  
  24  2:29  SCV  
  25  2:41  Command Center  
  25  2:43  SCV  
  26  3:02  Orbital Command  
  26  3:05  SCV  
  26  3:08  Refinery  
  26  3:09  Starport  
  27  3:18  Hellion x2  
  27  3:19  SCV  
  32  3:23  Barracks Tech Lab  
  32  3:29  SCV  
  32  3:31  SCV  
  34  3:41  Hellion x2  
  38  3:42  SCV  
  38  3:43  Marine, SCV  
  41  3:50  Viking  
  41  3:54  SCV  
  44  3:55  SCV  
  44  3:56  Orbital Command  
  45  4:03  Hellion  
  45  4:04  Hellion  
  45  4:08  SCV  
  45  4:09  SCV  
  51  4:14  Marine  
  52  4:20  SCV, Liberator  
  52  4:22  SCV x2  
  58  4:28  Supply Depot  
  58  4:30  Supply Depot  
  58  4:33  SCV  
  58  4:34  SCV  
  58  4:37  SCV  
  61  4:43  Stimpack, Supply Depot  
  61  4:50  SCV x2, Hellion x2  
  67  5:01  Refinery  
  67  5:02  Refinery  
  67  5:05  Marine  
  67  5:06  Starport Reactor  
  68  5:19  SCV x2  
  68  5:20  Orbital Command  
  69  5:24  Barracks x2  
  69  5:26  Barracks  
  68  5:29  Engineering Bay, Barracks  
  68  5:31  Engineering Bay  
  68  5:45  Marine  
  68  5:49  Factory Tech Lab  
  65  5:59  SCV x3  
  65  6:02  Terran Infantry Armor Level 1, Terran Infantry Weapons Level 1  
  65  6:03  Marine  
  69  6:06  Starport Reactor  
  69  6:08  Siege Tank, Supply Depot  
  69  6:11  SCV x2, Supply Depot  
  74  6:14  SCV  
  74  6:17  Barracks Reactor  
  75  6:20  Barracks Reactor  
  75  6:23  Marine, SCV x2  
  78  6:26  Combat Shield, SCV  
  78  6:28  Marine x4  
  83  6:35  SCV x2  
  83  6:38  SCV  
  84  6:41  Marine  
  84  6:45  Marine x2  
  84  6:46  Medivac x2  
  84  6:47  Barracks x3, SCV x2  
  91  6:50  SCV  
  91  6:53  Marine x4  
  98  6:59  Marine, SCV x2  
  100  7:02  SCV  
  100  7:07  Supply Depot  
  101  7:09  Supply Depot  
  101  7:15  Armory  
  101  7:22  Refinery x2  
  101  7:29  Marine x4, Siege Tank, SCV  
  109  7:30  Marine x5, SCV x2  
  116  7:41  SCV  
  116  7:42  SCV x2  
  116  7:43  Supply Depot  
  99  7:47  Marine x2  
  99  7:51  Marine x5  
  96  7:52  Marine x2  
  96  7:53  SCV  
  96  7:54  Medivac  
  96  7:55  Medivac  
  96  7:56  SCV x2  
  110  8:00  Barracks Tech Lab  
  110  8:01  Siege Tank, Barracks Tech Lab x2  
  110  8:04  Marine x2  
  115  8:05  SCV  
  115  8:08  SCV  
  115  8:09  Marine x3, Command Center  
  120  8:13  Terran Infantry Weapons Level 2  
  120  8:16  Terran Infantry Armor Level 2  
  120  8:32  Marine x5  
  125  8:39  Marine x3  
  106  8:49  Marine  
  106  8:50  Marine x4  
  106  8:52  Concussive Shells  
  106  8:55  Marine x2  
  117  8:56  Marauder x2  
  117  9:06  Marine x2  
  117  9:07  SCV x3  
  117  9:08  Marauder  
  124  9:13  Marine  
  124  9:16  Refinery  
  125  9:18  Marine x2, Medivac x2, Marauder  
  125  9:20  Marine, Marauder, SCV  
  125  9:21  SCV x2  
  125  9:22  Supply Depot  
  139  9:30  Marine  
  139  9:31  Marine x2, Marauder x2  
  146  9:43  Marine x3  
  146  9:44  Marauder x2  
  132  9:53  Marine  
  132  9:54  Marine x3, Marauder x2  
  132  9:55  Marine  
  132  9:59  Planetary Fortress  
  141  10:03  Marine x2  
  141  10:05  Marauder  
  141  10:06  Siege Tank  
  148  10:13  Marine x2, Marauder  
  152  10:15  Marauder  
  152  10:17  Medivac  
  156  10:28  Refinery x2  
  156  10:45  Marine x2  
  156  10:55  Marauder  
  156  10:56  Marine  
  156  10:57  Marine x3, Marauder  
  156  10:58  Marine, Medivac, Marauder  
  156  10:59  Supply Depot x2  
  156  11:01  Terran Vehicle Weapons Level 1  
  156  11:02  Supply Depot  
  156  11:07  Terran Infantry Weapons Level 3  
  156  11:08  Terran Infantry Armor Level 3  
  156  11:20  Marine x3, Medivac, SCV, Siege Tank  
  156  11:21  Marauder x4, SCV x2  
  164  11:25  Marine x2  
  166  11:42  Marauder x2  
  166  11:45  SCV  
  171  11:47  Sensor Tower  
  171  11:52  Siege Tank  
  174  12:14  Marine, Marauder  
  177  12:36  Marine x5, Marauder  
  177  12:37  Marine x2, Marauder x3  
  172  12:49  Marine  
  172  12:50  Siege Tank  
  176  12:54  Marine x3  
  176  12:58  Marauder x4  
  172  13:04  Marine x2  
  170  13:15  Liberator x2  
  170  13:19  Marauder x3  
  178  13:21  Command Center  
  178  13:24  Command Center  
  178  13:25  Siege Tank  
  177  13:27  Command Center  
  148  13:41  Marine, Marauder  
  151  13:44  SCV  
  152  13:52  Marine x2  
  154  13:58  Siege Tank, Liberator x2  
  144  14:05  Marine  
  144  14:06  Marine x3, Marauder  
  123  14:12  Marine  
  104  14:19  Marine x3  
  104  14:21  Orbital Command  
  105  14:27  Marauder  
  105  14:30  Marine x5  
  112  14:33  Siege Tank  
  115  14:41  Orbital Command  
  115  14:42  Planetary Fortress  
  115  14:46  Sensor Tower  
  115  14:47  Sensor Tower  
  115  14:49  Marauder  
  115  14:51  Marine x3  
  115  14:52  Marine x5  
  125  14:55  Medivac x2  
  129  15:01  SCV x2  
  129  15:02  SCV  
  132  15:08  Orbital Command  
  132  15:09  Marine x2  
  132  15:13  SCV  
  132  15:14  SCV x2  
  137  15:24  Marine x2, Medivac  
  137  15:25  Marine x4, Medivac  
  147  15:33  Marine x3  
  147  15:34  SCV x3  
  153  15:36  Refinery  
  146  15:54  Orbital Command  
  146  15:55  Marine x3, Marauder  
  146  15:56  Marine  
  141  15:59  Orbital Command  
  141  16:01  Marine x2  
  143  16:04  Marine x2  
  143  16:06  Liberator x2  
  143  16:08  Siege Tank  
  154  16:11  Neosteel Armor  
  154  16:12  Hi-Sec Auto Tracking  
  154  16:13  Terran Ship Weapons Level 1  
  154  16:17  Marauder  
  156  16:18  Factory  
  156  16:19  Factory  
  156  16:21  SCV x4  
  156  16:22  SCV  
  161  16:31  Marine x2  
  161  16:32  Marine x5  
  167  16:33  SCV x4  
  167  16:38  Marauder  
  174  16:46  Missile Turret  
  167  16:59  Marauder  
  167  17:00  Marine  
  141  17:03  Siege Tank  
  141  17:04  Marine x6  
  141  17:05  Liberator  
  153  17:20  Marine x2  
  153  17:21  Marauder  
  157  17:25  Command Center  
  157  17:42  Marauder  
  159  17:48  Orbital Command  
  158  18:04  Marine x5  
  158  18:05  Marauder  
  141  18:08  Marine x3  
  124  18:15  Siege Tank  
  127  18:25  Command Center  
  125  18:50  Refinery  
  125  18:52  Refinery, Supply Depot  
  125  18:53  Supply Depot  
  125  18:57  Supply Depot  
  125  19:00  Supply Depot x2  
  125  19:11  Supply Depot  
  125  19:12  Supply Depot  
  125  19:14  Marine x7, SCV, Command Center, Supply Depot  
  125  19:15  Siege Tank, Marauder, SCV  
  139  19:20  Factory  
  139  19:26  Sensor Tower  
Tags
 
Add a new tag
Caveats
  • Supply blocks, unpowered buildings, or Contaminate may cause inaccurate times.
  • Supply counts are checked every 10 seconds.